 Dungeon Crawl Stone Soup version 0.26-a0-1058-g8dc6ce00ff (webtiles) character file.

Game seed: 15676192546504845925

3650 KristoblXynda the Grappler (level 9, -2/74 HPs)
             Began as a Troll Hedge Wizard on Dec 13, 2020.
             Slain by Erica
             ... wielding a +1 scimitar of flaming
              (3 damage)
             ... on level 8 of the Dungeon.
             The game lasted 00:12:57 (6967 turns).

KristoblXynda the Grappler (Troll Hedge Wizard)     Turns: 6967, Time: 00:12:57

Health: -2/74      AC:  9    Str: 20    XL:     9   Next: 88%
Magic:  16/20      EV: 12    Int: 13    God:
Gold:   360        SH:  0    Dex:  9    Spells: 8/12 levels left

rFire    . . .     SeeInvis .     - Unarmed
rCold    + . .     Faith    .   (no shield)
rNeg     . . .     Spirit   .   b - +0 robe
rPois    .         Reflect  .   c - +1 hat
rElec    .         Harm     .   z - +1 cloak
rCorr    .         Rampage  .   (gloves unavailable)
Will     .....                  (boots unavailable)
Stlth    +.........             (no amulet)
HPRegen  0.62/turn              D - ring of magical power
MPRegen  0.17/turn              o - ring of protection from cold

@: mighty, hasted, very quick
A: large, unfitting armour, claws 3, regeneration 1, shaggy fur 1, tough skin 3
a: no special abilities


You were on level 8 of the Dungeon.
You visited 1 branch of the dungeon, and saw 8 of its levels.

You collected 404 gold pieces.
You spent 44 gold pieces at shops.

Inventory:

Armour
 b - a +0 robe (worn)
 c - a +1 hat (worn)
 z - a +1 cloak (worn)
Jewellery
 k - an uncursed ring of stealth
 m - an uncursed ring of flight
 o - a ring of protection from cold (right claw)
 D - a ring of magical power (left claw)
Wands
 x - a wand of digging (9)
Scrolls
 a - 3 scrolls of enchant weapon
 d - 7 scrolls of teleportation
 f - a scroll of enchant armour
 g - 3 scrolls of amnesia
 h - 2 scrolls of remove curse
 l - 2 scrolls of blinking
 q - a scroll of immolation {unknown}
 r - a scroll of fog {unknown}
 t - a scroll of fear {unknown}
 y - a scroll of magic mapping {unknown}
 C - a scroll of brand weapon {unknown}
Potions
 e - a potion of cancellation
 n - 2 potions of haste
 p - 2 potions of attraction
 s - a potion of lignification
 u - a potion of brilliance {unknown}
 v - a potion of magic {unknown}
 w - 2 potions of ambrosia
 B - a potion of resistance


   Skills:
 + Level 7.1 Dodging
 - Level 1.0 Stealth
 + Level 8.1 Unarmed Combat
 - Level 2.0 Spellcasting
 + Level 6.2 Conjurations
 - Level 0.6 Summonings
 - Level 0.6 Translocations


You had 8 spell levels left.
You knew the following spells:

 Your Spells              Type           Power        Failure   Level
a - Magic Dart            Conj           ###.         1%          1
b - Mephitic Cloud        Conj/Pois/Air  #.......     32%         3

Your spell library contained the following spells:

 Spells                   Type           Power        Failure   Level
 Conjure Flame            Conj/Fire      #.......     22%         3
 Blink                    Tloc           N/A          30%         2
 Call Imp                 Summ           #.......     30%         2
 Slow                     Hex            #.......     36%         2


Dungeon Overview and Level Annotations

Branches:
Dungeon (8/15)             Temple (0/1) D:7
   Lair: D:8-11

Altars:
Okawaru
Ru
Sif Muna
Yredelemnul
Zin

Shops:
D:6 *

Annotations:
D:8 Erica


Innate Abilities, Weirdness & Mutations

You are too large for most types of armour.
You have claws for hands.
Your natural rate of healing is unusually fast.
You are covered in fur. (AC +1)
You have extremely tough skin. (AC +3)


Message History

You feel sick.
Erica appears from thin air!
Reactivating autopickup.
* * * LOW HITPOINT WARNING * * *
You feel sick.
You feel better. Erica gestures at you while chanting.
You resist with significant effort.
Casting: Mephitic Cloud (dangerous; 32% risk of failure)
Confirm with . or Enter, or press ? or * to list all spells.
Aiming: Mephitic Cloud (dangerous; 32% risk of failure)
Press: ? - help, Shift-Dir - straight line, f - Erica
Aim: Erica, wielding a +1 scimitar of flaming and wearing a +0 robe (severely wounded)
The ball explodes into a vile cloud!
The stinking cloud engulfs Erica but does no damage.
Erica is severely wounded.
Erica is engulfed in noxious fumes.
Erica hits you with a +1 scimitar of flaming!
* * * LOW HITPOINT WARNING * * *
Erica burns you.
You die...

#..# #..# #..# #..#
#..# #..# ...
########..## .....
######..........####
.....
........########@@)####
..... .########
####...#####..... .#
###....#...... .#
#######(..# .#
........#^# .#
.....>....# ..#
........F..# ..#
.............# #.
..............#


You could see Erica.

Vanquished Creatures
  6 yaks (D:7)
  Edmund (D:4)
  Duvessa (D:5)
  2 black bears
  3 phantoms
  2 ice beasts (D:7)
  2 ogres
  2 centaurs
  5 bullfrogs
  Dowan (D:5)
  A scorpion (D:5)
  4 wights (D:7)
  A quasit (D:7)
  4 hounds
  8 orc wizards
  2 orc priests
  A centaur skeleton (D:7)
  2 iguanas
  6 worker ants
  3 hound skeletons
  Robin (D:4)
  12 adders
  A howler monkey skeleton (D:6)
  A white imp (D:5)
  An ufetubus (D:4)
  An ooze (D:7)
  2 adder zombies
  A worm (D:3)
  The ghost of rlgrobin the Sneak, a weakling TeDe (D:5)
  4 dart slugs
  3 leopard geckos
  36 orcs
  6 ball pythons
  5 giant cockroaches
  18 goblins
  6 hobgoblins
  6 jackals
  6 kobolds
  5 quokkas
  2 bats (D:3)
  6 frilled lizards
  A leopard gecko skeleton (D:4)
  9 rats
191 creatures vanquished.

Notes
Turn   | Place    | Note
-------+----------+-------------------------------------------
     0 | D:1      | KristoblXynda the Troll Hedge Wizard began the quest for
                  | the Orb.
     0 | D:1      | Reached XP level 1. HP: 16/16 MP: 2/2
    59 | D:1      | Reached skill level 1 in Conjurations
    80 | D:1      | Reached XP level 2. HP: 23/24 MP: 4/4
   193 | D:1      | Reached skill level 1 in Unarmed Combat
   827 | D:2      | Reached XP level 3. HP: 24/31 MP: 5/5
  1305 | D:2      | Reached skill level 2 in Unarmed Combat
  1305 | D:2      | Reached XP level 4. HP: 36/39 MP: 6/6
  1711 | D:3      | Found an iron altar of Okawaru.
  1714 | D:3      | Found a basalt altar of Yredelemnul.
  1714 | D:3      | Found a sacrificial altar of Ru.
  1721 | D:3      | Found a glowing silver altar of Zin.
  2602 | D:4      | Noticed Edmund
  2617 | D:3      | Learned a level 3 spell: Mephitic Cloud
  2658 | D:3      | Reached XP level 5. HP: 27/45 MP: 7/7
  2796 | D:4      | Reached skill level 3 in Unarmed Combat
  2940 | D:4      | Noticed Robin
  2987 | D:4      | Killed Robin
  2988 | D:4      | Reached XP level 6. HP: 37/53 MP: 8/8
  3447 | D:4      | Killed Edmund
  3448 | D:4      | Reached skill level 4 in Unarmed Combat
  3448 | D:4      | Reached XP level 7. HP: 59/59 MP: 9/9
  3687 | D:5      | Entered Level 5 of the Dungeon
  3975 | D:5      | Noticed Duvessa
  4089 | D:5      | Noticed Dowan
  4111 | D:5      | Killed Duvessa
  4140 | D:5      | Killed Dowan
  4244 | D:5      | Reached skill level 5 in Unarmed Combat
  4313 | D:5      | Found a runed translucent door.
  4314 | D:5      | Noticed rlgrobin's ghost (weakling TeDe)
  4357 | D:5      | Reached XP level 8. HP: 61/67 MP: 10/10
  5034 | D:5      | Killed rlgrobin's ghost
  5246 | D:6      | Reached skill level 5 in Dodging
  5475 | D:6      | Reached skill level 6 in Unarmed Combat
  5576 | D:6      | Found Sookeut's General Store.
  5582 | D:6      | Bought a potion of might for 44 gold pieces
  6061 | D:7      | Reached skill level 5 in Conjurations
  6070 | D:7      | Reached XP level 9. HP: 31/74 MP: 11/11
  6080 | D:7      | Reached skill level 7 in Unarmed Combat
  6318 | D:7      | Found a shimmering blue altar of Sif Muna.
  6630 | D:7      | Found a staircase to the Ecumenical Temple.
  6787 | D:8      | Reached skill level 8 in Unarmed Combat
  6922 | D:8      | Noticed Erica
  6967 | D:8      | HP: 1/74 [Erica/+1 scimitar of flaming (10)]
  6967 | D:8      | Slain by Erica

Illustrated notes

Levels and vault maps discovered:
D:1:      ncdulo_smallfort, layout_loops_ring
D:2:      layout_loops_corners
D:3:      layout_basic, grunt_temple_overflow_open
D:4:      layout_rooms, uniq_edmund, uniq_robin
D:5:      layout_gridville, gammafunk_ghost_grave, uniq_duvessa
D:6:      layout_basic, serial_shops, shop
D:7:      layout_gridville, kennysheep_mini_moat,
          minmay_temple_entry_gardened_gates, nrook_campfire
D:8:      layout_cave_pods, nicolae_overflow_crystal_walls, minmay_lizard_king,
          uniq_harold, uniq_erica, uniq_psyche

Skill      XL: |  1  2  3  4  5  6  7  8  9 |
---------------+----------------------------+-----
Conjurations   | 1 2 3 5 6 |  6.2
Unarmed Combat | 1 2 3 4 5 6 8 |  8.1
Dodging        | 2 3 4 5 7 |  7.1
Stealth        | |  1.0
Spellcasting   | |  2.0
Summonings     | |  0.6
Translocations | |  0.6

Action                   |  1- 3 |  4- 6 |  7- 9 || total
-------------------------+-------+-------+-------++-------
Melee: Unarmed           |   117 |   270 |   358 ||   745
       Punch             |     1 |     5 |    11 ||    17
 Cast: Mephitic Cloud    |       |       |     2 ||     2
  Use: Scroll            |       |     5 |     7 ||    12
       Potion            |       |     3 |     5 ||     8
 Stab: Sleeping          |     2 |       |     5 ||     7
       Distracted        |       |       |     1 ||     1
Armor: Robe              |    36 |   107 |   108 ||   251
       Skin              |       |     6 |    12 ||    18
Dodge: Dodged            |    50 |   161 |   168 ||   379

Table legend: (Time is in decaauts)
 A = Elapsed time spent in this place.
 B = Non-inter-level travel time spent in this place.
 C = Inter-level travel time spent in this place.
 D = Time resting spent in this place.
 E = Time spent auto-exploring this place.
 F = Levels seen in this place.
 G = Mean time per level.
                   A        B        C        D        E       F      G
               +--------+--------+--------+--------+--------+-----+--------+
         Total |   6910 |   6603 |    307 |   1054 |   3722 |   8 |  863.8 |
       Dungeon |   6910 |   6603 |    307 |   1054 |   3722 |   8 |  863.8 |
               +--------+--------+--------+--------+--------+-----+--------+

Top non-repeatable levels by time:
     D:5: 1380 daAuts
     D:3: 1081 daAuts
     D:4: 988 daAuts
     D:6: 902 daAuts
     D:2: 887 daAuts
     D:7: 722 daAuts
     D:1: 712 daAuts
     D:8: 235 daAuts
